 Dungeon Sprint DCSS version 0.31-b1-19-g70c676f13a (webtiles) character file.

Game seed: 10097263063280646955

12200000 Groucho the Intangible (level 27, 0/228 HPs)
             Began as a Djinni Warper on Jan 18, 2024.
             Was the Champion of Makhleb.
             Killed by the air
             ... invoked by a tyrant
              (52 damage)
             ... in the Dungeon (Sprint VIII: "Arena of Blood").
             The game lasted 00:05:14 (122 turns).

Groucho the Intangible (Djinni Warper)               Turns: 122, Time: 00:05:17

Health: 0/228      AC:  6    Str: 10    XL:     27
Gold:   0          EV: 28    Int: 25    God:    Makhleb [******] SH:  0 Dex: 17

rFire   + + .        i - +∞ Axe of Woe
rCold   x . .        (shield currently unavailable)
rNeg    . . .        b - +0 leather armour
rPois   ∞            (no helmet)
rElec   .            (no cloak)
rCorr   .            (no gloves)
SInv    +            (boots unavailable)
Will    ++...        (no amulet)
Stlth   +++++++++    c - ring of see invisible
HPRegen 0.58/turn    (no ring)
MPRegen 0.00/turn

%: no teleportation, infuse magic (-1 HP)
@: flying, slowed, very slow
A: sickness immunity, fire resistance 2, cold vulnerability 1, float, innate
caster, HP casting, extra vitality 1
a: Renounce Religion, Minor Destruction, Lesser Servant of Makhleb, Major
Destruction, Greater Servant of Makhleb


You were in the Dungeon.
You worshipped Makhleb.
Makhleb was exalted by your worship.
You visited 1 branch

Inventory:

Hand Weapons
 a - a +0 hand axe
 i - the +∞ Axe of Woe (weapon)
   (You found it in the Dungeon)
Missiles
 d - 7 darts of dispersal
Armour
 b - a +0 leather armour (worn)
Jewellery
 c - a ring of see invisible (left hand)
Potions
 e - a potion of curing
 f - a potion of heal wounds
 h - a potion of berserk rage


   Skills:
 O Level 27 Fighting
 O Level 27 Short Blades
 O Level 27 Long Blades
 O Level 27 Axes
 O Level 27 Maces & Flails
 O Level 27 Polearms
 O Level 27 Staves
 O Level 27 Ranged Weapons
 O Level 27 Throwing
 O Level 27 Armour
 O Level 27 Dodging
 O Level 27 Stealth
 O Level 27 Shields
 O Level 27 Unarmed Combat
 O Level 27 Spellcasting
 O Level 27 Conjurations
 O Level 27 Hexes
 O Level 27 Summonings
 O Level 27 Necromancy
 O Level 27 Translocations
 O Level 27 Fire Magic
 O Level 27 Ice Magic
 O Level 27 Air Magic
 O Level 27 Earth Magic
 O Level 27 Alchemy
 O Level 27 Invocations
 O Level 27 Evocations
 O Level 27 Shapeshifting


You knew the following spells:

 Your Spells              Type           Power      Damage    Failure   Level
a - Blink                 Tloc           100%       N/A       0%          2
b - Lesser Beckoning      Tloc           100%       N/A       0%          2
c - Teleport Other        Tloc           100%       N/A       0%          3
d - Manifold Assault      Tloc           100%       N/A       0%          4
e - Vhi's Electric Charg  Tloc/Air       100%       N/A       0%          4
f - Summon Small Mammal   Summ           100%       N/A       0%          1
g - Static Discharge      Conj/Air       100%       3-8/arc   0%          2
h - Dazzling Flash        Conj/Hex       100%       N/A       0%          3
i - Animate Armour        Summ/Erth      100%       N/A       0%          4
j - Fulminant Prism       Conj/Alch      53%        3d22      0%          4
k - Fireball              Conj/Fire      53%        3d21      0%          5
l - Eringya's Noxious Bo  Alch           53%        4d6       0%          6
m - Summon Cactus Giant   Summ           53%        N/A       0%          6
n - Starburst             Conj/Fire      53%        6d14      0%          6
o - Infestation           Necr           53%        N/A       1%          8
p - Summon Horrible Thin  Summ           53%        N/A       1%          8
q - Death's Door          Necr           53%        N/A       1%          9
r - Shatter               Erth           53%        3d40*     1%          9
Your spell library was empty.

Dungeon Overview and Level Annotations

Branches:
Dungeon (1/1)

Altars:
Makhleb


Innate Abilities, Weirdness & Mutations

You are immune to sickness and miasma.
You are immune to poison.
Your flesh is very heat resistant. (rF++)
You are vulnerable to cold. (rC-)
You float through the air rather than walking.
You learn spells naturally, not from books.
Your magical power is your life essence.
You have superior vitality. (+4 MHP)


Message History

You hit the large bag of meat but do no damage.
You hew the large bag of meat violently.
Makhleb accepts your kill.
You feel better.
The large bag of meat explodes!
The fiery explosion engulfs you! You resist.
You are engulfed in blazing flames.
You resist.
You hear a shout!
A meat berserker comes into view. It is wielding a +9 battleaxe. x2
A dread comes into view. x2
The tyrant is engulfed in blazing flames.
The tyrant completely misses you.
The meat berserker rages. x2
A tyrant comes into view.
A sculptor of flesh comes into view. It is wielding a +9 great sword.
The scourge throws poison at you.
The bolt of poison hits you but does no damage.
You resist.
Unknown command.
Unknown command.
You slash the tyrant!
You dissect the tyrant like a pig carcass.
You destroy the tyrant!
Makhleb accepts your kill.
You feel better.
You are engulfed in blazing flames.
You resist.
The meat berserker rages.
The scourge throws poison sting at you. The poison arrow hits you!!
You partially resist.
The dread calls on the powers of darkness!
Your body is wracked with pain!
The scourge convulses!
The meat berserker convulses!
The dread calls on the powers of darkness!
The meat berserker convulses!
Your body is wracked with pain!
* * * LOW HITPOINT WARNING * * *
A bag of meat comes into view. It is wielding a +9 war axe. x2
The scourge breathes poison at you. The blast of poison misses you.
The tyrant waves its bony arms in wide circles.
The air twists around and strikes you!!!
You die...

)) )) #). .)# #§)
).# )°V###)..
o.###)
.zW)O...###o☼)))L
#°..)WM)§§§§))O
).....#.§§§§# ..
...)..#_§@§☼#....
).....#)°☼§§#..).
#...W)..☼§○.)S.☼°
)..))..)###§§§o))
).)###.†...S.###o
..)).#.)...†p#.§.
..z).#.))...)#§)○
.)..))).)))..).○☼
..)..).).))......


You could see an accursed, a tyrant, a destroyer, 2 scourges, a fleshlord, 3
dreads, 2 meat berserkers and 4 bags of meat.

Vanquished Creatures
  13 hell beasts (D)
  12 royal mummies (D)
  7 wraiths (D)
  6 great orbs of eyes (D)
  Harold (D)
  11 vampire knights (D)
  44 ogres (D)
  16 two-headed ogres (D)
  10 liches (D)
  8 hydras (D)
  5 phantoms (D)
  104 orcs (D)
  13 skeletal warriors (D)
  5 sea snakes (D)
255 creatures vanquished.

Notes
Turn   | Place    | Note
-------+----------+-------------------------------------------
     0 | D        | Found the +∞ Axe of Woe
     0 | D        | Groucho the Djinni Warper began the quest for the Orb.
     0 | D        | Groucho set off with the following spells memorised: Blink,
                  | Lesser Beckoning, Teleport Other, Manifold Assault, Vhi's
                  | Electric Charge.
     0 | D        | Reached XP level 1. HP: 18/18 MP: 0/0
     2 | D        | Became a worshipper of Makhleb the Destroyer
     2 | D        | Noticed a bag of meat
     3 | D        | Noticed a bag of meat
     3 | D        | Noticed a bag of meat
     4 | D        | Noticed a meat berserker
     5 | D        | Noticed a meat berserker
     8 | D        | Noticed a bag of meat
     8 | D        | Noticed a bag of meat
     8 | D        | Noticed a bag of meat
     8 | D        | Noticed a bag of meat
     8 | D        | Noticed a bag of meat
     8 | D        | Noticed a bag of meat
     8 | D        | Noticed a bag of meat
     8 | D        | Noticed a bag of meat
     8 | D        | Noticed a bag of meat
     9 | D        | Noticed a bag of meat
     9 | D        | Noticed a bag of meat
     9 | D        | Noticed a meat berserker
     9 | D        | Noticed a bag of meat
     9 | D        | Noticed a bag of meat
    10 | D        | Noticed a meat berserker
    10 | D        | Noticed a bag of meat
    10 | D        | Noticed a bag of meat
    11 | D        | Noticed a large bag of meat
    11 | D        | Killed a bag of meat
    11 | D        | Killed a bag of meat
    11 | D        | Reached * piety under Makhleb
    11 | D        | Killed a bag of meat
    11 | D        | Noticed a large bag of meat
    12 | D        | Reached XP level 2. HP: 23/23 MP: 0/0
    12 | D        | Reached XP level 3. HP: 28/28 MP: 0/0
    12 | D        | Learned a level 1 spell: Summon Small Mammal
    12 | D        | Reached XP level 4. HP: 33/33 MP: 0/0
    12 | D        | Reached XP level 5. HP: 38/38 MP: 0/0
    12 | D        | Learned a level 2 spell: Static Discharge
    12 | D        | Reached XP level 6. HP: 43/43 MP: 0/0
    12 | D        | Reached XP level 7. HP: 49/49 MP: 0/0
    12 | D        | Learned a level 3 spell: Dazzling Flash
    12 | D        | Reached XP level 8. HP: 54/54 MP: 0/0
    12 | D        | Reached XP level 9. HP: 58/58 MP: 0/0
    12 | D        | Learned a level 4 spell: Animate Armour
    12 | D        | Reached XP level 10. HP: 64/64 MP: 0/0
    12 | D        | Reached XP level 11. HP: 68/68 MP: 0/0
    12 | D        | Learned a level 4 spell: Fulminant Prism
    12 | D        | Reached XP level 12. HP: 74/74 MP: 0/0
    12 | D        | Reached XP level 13. HP: 78/78 MP: 0/0
    12 | D        | Learned a level 5 spell: Fireball
    12 | D        | Killed a meat berserker
    12 | D        | Killed a bag of meat
    12 | D        | Reached ** piety under Makhleb
    12 | D        | Noticed a bag of meat
    13 | D        | Reached XP level 14. HP: 85/85 MP: 0/0
    13 | D        | Noticed a meat berserker
    13 | D        | Killed a meat berserker
    13 | D        | Killed a bag of meat
    13 | D        | Killed a bag of meat
    13 | D        | Reached *** piety under Makhleb
    13 | D        | Noticed a bag of meat
    13 | D        | Noticed a bag of meat
    14 | D        | Reached XP level 15. HP: 89/89 MP: 0/0
    14 | D        | Learned a level 6 spell: Eringya's Noxious Bog
    14 | D        | Killed a meat berserker
    14 | D        | Reached **** piety under Makhleb
    15 | D        | Reached skill level 27 in Dodging
    15 | D        | Reached XP level 16. HP: 94/94 MP: 0/0
    16 | D        | Reached XP level 17. HP: 99/99 MP: 0/0
    16 | D        | Learned a level 6 spell: Summon Cactus Giant
    16 | D        | Killed a meat berserker
    16 | D        | Reached ***** piety under Makhleb
    16 | D        | Noticed a meat berserker
    17 | D        | Reached skill level 27 in Axes
    18 | D        | Reached skill level 27 in Spellcasting
    18 | D        | Reached skill level 27 in Conjurations
    18 | D        | Reached skill level 27 in Hexes
    18 | D        | Reached skill level 27 in Summonings
    18 | D        | Reached skill level 27 in Necromancy
    18 | D        | Reached skill level 27 in Translocations
    18 | D        | Reached skill level 27 in Fire Magic
    18 | D        | Reached skill level 27 in Ice Magic
    18 | D        | Reached skill level 27 in Air Magic
    18 | D        | Reached skill level 27 in Earth Magic
    18 | D        | Reached skill level 27 in Alchemy
    18 | D        | Reached skill level 5 in Fighting
    19 | D        | Reached XP level 18. HP: 123/123 MP: 0/0
    19 | D        | Noticed a large bag of meat
    20 | D        | Killed a large bag of meat
    20 | D        | Reached ****** piety under Makhleb
    21 | D        | Reached XP level 19. HP: 156/156 MP: 0/0
    21 | D        | Learned a level 6 spell: Starburst
    22 | D        | Killed a meat berserker
    22 | D        | Noticed a meat berserker
    23 | D        | Noticed a large bag of meat
    23 | D        | Killed a meat berserker
    23 | D        | Killed a meat berserker
    23 | D        | Killed a large bag of meat
    24 | D        | Reached skill level 27 in Fighting
    24 | D        | Reached skill level 27 in Invocations
    24 | D        | Reached XP level 20. HP: 181/181 MP: 0/0
    24 | D        | Noticed a large bag of meat
    25 | D        | Noticed a destroyer
    26 | D        | Noticed a destroyer
    26 | D        | Killed a destroyer
    26 | D        | Killed a destroyer
    26 | D        | Noticed a large bag of meat
    27 | D        | Reached skill level 27 in Maces & Flails
    27 | D        | Reached XP level 21. HP: 187/187 MP: 0/0
    27 | D        | Learned a level 8 spell: Infestation
    27 | D        | Killed a large bag of meat
    27 | D        | Killed a large bag of meat
    29 | D        | Noticed a meat berserker
    30 | D        | Noticed an eight-headed meat hydra
    33 | D        | Reached XP level 22. HP: 116/194 MP: 0/0
    34 | D        | Killed a nine-headed meat hydra
    34 | D        | Killed a meat berserker
    35 | D        | Killed a large bag of meat
    36 | D        | Reached skill level 27 in Polearms
    36 | D        | Noticed a destroyer
    38 | D        | Killed a destroyer
    39 | D        | Reached XP level 23. HP: 201/201 MP: 0/0
    39 | D        | Learned a level 8 spell: Summon Horrible Things
    39 | D        | Killed a large bag of meat
    40 | D        | Reached skill level 27 in Staves
    45 | D        | Noticed an accursed
    45 | D        | Killed an accursed
    45 | D        | Noticed a large bag of meat
    46 | D        | Reached skill level 27 in Unarmed Combat
    46 | D        | Reached XP level 24. HP: 182/208 MP: 0/0
    47 | D        | Noticed a destroyer
    48 | D        | Killed a large bag of meat
    49 | D        | Reached skill level 27 in Throwing
    49 | D        | Reached XP level 25. HP: 214/214 MP: 0/0
    49 | D        | Learned a level 9 spell: Death's Door
    50 | D        | Killed a destroyer
    51 | D        | Reached skill level 27 in Armour
    55 | D        | Reached skill level 27 in Stealth
    55 | D        | Reached XP level 26. HP: 221/221 MP: 0/0
    55 | D        | Noticed a large bag of meat
    56 | D        | Noticed a tyrant
    56 | D        | Noticed an accursed
    57 | D        | Killed a tyrant
    57 | D        | Killed a large bag of meat
    57 | D        | Noticed a destroyer
    58 | D        | Killed a destroyer
    59 | D        | Reached skill level 27 in Short Blades
    59 | D        | Reached XP level 27. HP: 228/228 MP: 0/0
    59 | D        | Learned a level 9 spell: Shatter
    60 | D        | Noticed an accursed
    61 | D        | Killed an accursed
    61 | D        | Killed an accursed
    62 | D        | Reached skill level 27 in Long Blades
    64 | D        | Noticed a dread
    64 | D        | Killed a dread
    65 | D        | Reached skill level 27 in Ranged Weapons
    65 | D        | Noticed a dread
    65 | D        | Noticed a destroyer
    66 | D        | Killed a destroyer
    66 | D        | Noticed a meat beast
    67 | D        | Reached skill level 27 in Shields
    67 | D        | Killed a meat beast
    67 | D        | Killed a dread
    68 | D        | Reached skill level 27 in Evocations
    68 | D        | Noticed a dread
    68 | D        | Killed a dread
    69 | D        | Reached skill level 27 in Shapeshifting
    69 | D        | Noticed a meat beast
    69 | D        | Killed a meat beast
    70 | D        | Noticed an accursed
    72 | D        | Killed an accursed
    73 | D        | Noticed a tyrant
    74 | D        | Killed a tyrant
    76 | D        | Noticed a dread
    77 | D        | Killed a dread
    77 | D        | Noticed a meat beast
    78 | D        | Killed a meat beast
    78 | D        | Noticed a destroyer
    79 | D        | Killed a destroyer
    80 | D        | Noticed an accursed
    81 | D        | Killed an accursed
    82 | D        | Noticed a dread
    83 | D        | Killed a dread
    85 | D        | Noticed a meat beast
    85 | D        | Noticed a meat beast
    86 | D        | Killed a meat beast
    86 | D        | Noticed a meat beast
    86 | D        | Noticed a dread
    87 | D        | Killed a meat beast
    87 | D        | Noticed a meat beast
    87 | D        | Noticed a large bag of meat
    88 | D        | Killed a large bag of meat
    88 | D        | Killed a dread
    89 | D        | Killed a meat beast
    90 | D        | Noticed a meat beast
    91 | D        | Killed a meat beast
    91 | D        | Noticed a meat beast
    91 | D        | Noticed a tyrant
    92 | D        | Noticed a tyrant
    92 | D        | Killed a meat beast
    92 | D        | Killed a tyrant
    92 | D        | Killed a tyrant
    92 | D        | Noticed a meat beast
    93 | D        | Noticed The Servant
    93 | D        | Noticed a large bag of meat
    93 | D        | Noticed a large bag of meat
    94 | D        | Killed The Servant
    94 | D        | Killed a large bag of meat
    94 | D        | Killed a large bag of meat
    95 | D        | Killed a meat beast
    96 | D        | Killed a meat beast
    96 | D        | Noticed a tyrant
    96 | D        | Noticed a destroyer
    97 | D        | Killed a destroyer
    97 | D        | Killed a tyrant
    98 | D        | Noticed a meat beast
    98 | D        | Noticed a destroyer
    99 | D        | Killed a meat beast
    99 | D        | Noticed a dread
   100 | D        | Noticed an accursed
   100 | D        | Killed a destroyer
   100 | D        | Noticed a meat beast
   100 | D        | Noticed a large bag of meat
   101 | D        | Killed an accursed
   101 | D        | Killed a meat beast
   102 | D        | Killed a large bag of meat
   102 | D        | Noticed an accursed
   102 | D        | Noticed a large bag of meat
   103 | D        | Killed a dread
   103 | D        | Killed an accursed
   103 | D        | Killed a large bag of meat
   105 | D        | Noticed an accursed
   105 | D        | Noticed a tyrant
   106 | D        | Killed an accursed
   107 | D        | Killed a tyrant
   107 | D        | Noticed an accursed
   108 | D        | Killed an accursed
   108 | D        | Noticed an accursed
   109 | D        | Killed an accursed
   109 | D        | Noticed a tyrant
   110 | D        | Killed a tyrant
   110 | D        | Noticed a tyrant
   110 | D        | Noticed an accursed
   110 | D        | Noticed a destroyer
   110 | D        | Noticed a large bag of meat
   111 | D        | Killed a tyrant
   111 | D        | Killed a large bag of meat
   111 | D        | Noticed a tyrant
   111 | D        | Noticed a large bag of meat
   112 | D        | Killed a destroyer
   112 | D        | Killed an accursed
   112 | D        | Killed a tyrant
   113 | D        | Noticed a meat beast
   115 | D        | Killed a large bag of meat
   115 | D        | Noticed a destroyer
   116 | D        | Killed a meat beast
   116 | D        | Noticed a large bag of meat
   116 | D        | Noticed a tyrant
   117 | D        | Killed a destroyer
   118 | D        | Noticed a dread
   118 | D        | Noticed an accursed
   119 | D        | Killed an accursed
   120 | D        | Noticed an accursed
   120 | D        | Noticed a fleshlord
   121 | D        | Killed a large bag of meat
   121 | D        | Noticed a dread
   121 | D        | Noticed a dread
   121 | D        | Noticed a tyrant
   122 | D        | Killed a tyrant
   122 | D        | Killed from afar by a tyrant

Illustrated notes

Levels and vault maps discovered:
D:        meatsprint

Skill      XL: |  1  2  3  4  5  6  7  8  9 10 11 12 13 14 15 16 17 18 19 20 21 22 23 24 25 26 27 |
---------------+----------------------------------------------------------------------------------+-----
Axes           | 19 21 23 25 26 27 | 27.0
Dodging        | 18 22 25 27 | 27.0
Spellcasting   | 13 16 18 21 22 27 | 27.0
Conjurations   | 13 16 18 21 22 27 | 27.0
Hexes          | 13 16 18 21 22 27 | 27.0
Summonings     | 13 16 18 21 22 27 | 27.0
Necromancy     | 13 16 18 21 22 27 | 27.0
Translocations | 13 16 18 21 22 27 | 27.0
Fire Magic     | 13 16 18 21 22 27 | 27.0
Ice Magic      | 13 16 18 21 22 27 | 27.0
Air Magic      | 13 16 18 21 22 27 | 27.0
Earth Magic    | 13 16 18 21 22 27 | 27.0
Alchemy        | 13 16 18 21 22 27 | 27.0
Fighting       | 9 20 27 | 27.0
Invocations    | 9 19 27 | 27.0
Maces & Flails | 16 27 | 27.0
Polearms       | 11 21 27 | 27.0
Staves         | 23 27 | 27.0
Unarmed Combat | 27 | 27.0
Throwing       | 22 27 | 27.0
Armour         | 21 27 | 27.0
Stealth        | 27 | 27.0
Short Blades   | 6 27 | 27.0
Long Blades    | 20 27 | 27.0
Ranged Weapons | 27 | 27.0
Shields        | 27 | 27.0
Evocations     | 27 | 27.0
Shapeshifting  | 27 | 27.0

Action                     |  1- 3 |  4- 6 |  7- 9 | 10-12 | 13-15 | 16-18 | 19-21 | 22-24 | 25-27 || total
---------------------------+-------+-------+-------+-------+-------+-------+-------+-------+-------++-------
  Melee: Executioner's axe |     1 |       |       |       |     3 |     9 |    13 |    33 |   183 ||   242
   Cast: Manifold Assault  |       |       |       |       |       |     1 |     2 |     9 |    53 ||    65
    Use: Scroll            |     1 |       |       |       |       |       |     1 |       |       ||     2
         Potion            |     1 |       |       |       |       |       |       |       |       ||     1
 Armour: Leather armour    |       |       |       |       |       |       |     3 |       |    13 ||    16
  Dodge: Dodged            |       |       |       |       |       |       |       |       |     2 ||     2
